Unix NetHack Version 5.0.0-0 post-release - last build May  3 2026 23:40:34 (9823c992c0763bbd039eca2974112f46eaf799b3,branch:main).

Game began 2026-05-04 11:04:01, ended 2026-05-04 11:50:03.

40, lawful male human Samurai

   ------
   |.....
   |.....
   |......
   |......|
   |.......##
   |....(\| #  ------
   -------  ###|<...|
              #.....|
               |....|
               |..o.-##)####@@)
               ------

40 the Ronin           St:17 Dx:14 Co:20 In:11 Wi:8 Ch:6  Lawful
Dlvl:7  $:122 HP:0(36) Pw:6(10) AC:4  Xp:3 T:1252 

Latest messages:
 That door is closed.
 This door is locked.
 This door is locked.
 In what direction?
 Thwack!!
 In what direction?
 As you kick the door, it crashes open!
 You see here 21 gold pieces.
 $ - 21 gold pieces (111 in total).
 The door opens.
 You can't go up here.
 You descend the stairs.
 You see here 11 gold pieces.
 $ - 11 gold pieces (122 in total).
 You enter an opulent throne room!
 The Mordor orc wakes up!
 The hobgoblin wakes up!
 The bugbear wakes up!
 The Elvenqueen wakes up!
 The Elvenqueen wields an elven broadsword!
 The Elvenqueen swings her elven broadsword.
 The Elvenqueen hits!
 Pick a monster, object or location.
 The door opens.
 The Elvenqueen throws an elven dagger!
 You are hit by an elven dagger!
 What do you want to drink? [u or ?*]
 You feel better.
 What do you want to read? [x or ?*]
 You know "magic missile" quite well already.
 Refresh your memory anyway? [yn] (n)
 You fail to cast the spell correctly.
 An elven dagger misses you.
 You hit the Elvenqueen!
 The Elvenqueen swings her elven broadsword.
 The Elvenqueen hits!
 The Elvenqueen swings her elven broadsword.
 The Elvenqueen hits again!
 You miss the Elvenqueen.
 You hit the Elvenqueen.
 The Elvenqueen swings her elven broadsword.
 The Elvenqueen hits!
 The Elvenqueen swings her elven broadsword.
 The Elvenqueen hits again!
 You die...
 Do you want your possessions identified? [ynq] (y)
 Do you want to see your attributes? [ynq] (y)
 Do you want an account of creatures vanquished? [ynaq] (y)
 Do you want to see your conduct and achievements? [ynq] (y)
 Do you want to see the dungeon overview? [ynq] (y)

Inventory:
 Coins    ('$')
  $ - 122 gold pieces
 Amulets  ('"')
  v - a cursed amulet of change
 Weapons  (')')
  d - 43 +0 ya (in quiver)
  c - a +0 yumi
  j - a +1 orcish dagger
  a - a corroded +1 katana (weapon in right hand)
  b - a +0 wakizashi (alternate weapon; not wielded)
 Armor    ('[')
  k - an uncursed +0 cornuthaum (being worn)
  e - an uncursed rustproof +0 splint mail (being worn)
 Comestibles  ('%')
  w - an uncursed slime mold
  t - an uncursed gunyoki
  o - an uncursed lembas wafer
  h - 2 uncursed eggs
 Spellbooks  ('+')
  x - a blessed spellbook of magic missile
 Rings    ('=')
  g - an uncursed ring of free action
  l - an uncursed +2 ring of gain constitution (on left hand)
  i - a cursed +0 ring of gain constitution (on right hand)
  y - an uncursed ring of protection from shape changers
 Wands    ('/')
  z - a wand of light (0:14)

40 the Samurai's attributes:

Background:
 You were a Ronin, a level 3 male human Samurai.
 You were lawful, nominally on a mission for Amaterasu Omikami
 who was opposed by Raijin (neutral) and Susanowo (chaotic).
 You were right-handed.
 You were in the Dungeons of Doom, on level 7.
 You entered the dungeon 1252 turns ago.
 There was a full moon in effect when your adventure ended.
 You had 73 experience points, 7 more were needed to attain level 4.

Basics:
 You had 0 out of 36 hit points.
 You had 6 out of 10 energy points (spell power).
 Your armor class was 4.
 Your wallet contained 122 zorkmids.
 Autopickup was off.

Final Characteristics:
 Your strength was 17 (limit:18/100).
 Your dexterity was 14 (limit:18).
 Your constitution was 20 (base:18, innate limit:18).
 Your intelligence was 11 (limit:18).
 Your wisdom was 8 (limit:18).
 Your charisma was 6 (base:7, limit:18).

Final Status:
 You weren't hungry.
 You were unencumbered.
 You were wielding a long sword.
 You had basic skill with long sword.

Final Attributes:
 You were devoutly aligned.
 You could have been clairvoyant.
 You were warded.
 Your spell casting was impaired by metallic armor.
 You were fast.
 You were lucky.
 You are dead.

Miscellaneous:
 You didn't encounter any bones levels.
 Total elapsed playing time was 32 minutes and 42 seconds.

Major events:
 Turn
    1: 40 the lawful male human Samurai entered the dungeon
  801: attained the rank of Ronin (level 3)
 1252: killed by an Elvenqueen

Spells:
 Name                 Level Category     Fail Retention
 magic missile          2   attack       100%  76%-100%

Skills:
 Fighting Skills
   martial arts      [Basic]
   two weapon combat [Unskilled]
   riding            [Unskilled]
 Weapon Skills
   dagger            [Unskilled]
   knife             [Unskilled]
   short sword       [Basic]
   broadsword        [Unskilled]
   long sword        [Basic]
   two-handed sword  [Unskilled]
   saber             [Unskilled]
   flail             [Unskilled]
   quarterstaff      [Unskilled]
   polearms          [Unskilled]
   spear             [Unskilled]
   lance             [Unskilled]
   bow               [Basic]
   shuriken          [Unskilled]
 Spellcasting Skills
   attack spells     [Unskilled]
   divination spells [Unskilled]
   clerical spells   [Unskilled]

Voluntary challenges:
 Character rerolling was not enabled.
 You followed a strict vegan diet.
 You were an atheist.
 You never genocided any monsters.
 You never polymorphed an object.
 You never changed form.
 You used no wishes.
Achievements:
 You attained the rank of Ronin.
 You entered a shop.

 The Dungeons of Doom: levels 1 to 7
    Level 1:
    Level 2:
       A fountain.
    Level 3:
    Level 4:
       A general store, a fountain.
    Level 5:
    Level 6:
       A fountain.
    Level 7: <- You were here.
       A throne.
       Final resting place for
          you, killed by an Elvenqueen.


Vanquished creatures:
  2 homunculi
  a dwarf zombie
  a coyote
  a hobbit
  2 manes
  a hobgoblin
  2 yellow molds
  a green mold
  a jackal
  3 goblins
  2 grid bugs
  a lichen
  4 newts
22 creatures vanquished.

No species were genocided or became extinct.

Game over:
                       ----------
                      /          \
                     /    REST    \
                    /      IN      \
                   /     PEACE      \
                  /                  \
                  |        40        |
                  |      122 Au      |
                  |   killed by an   |
                  |    Elvenqueen    |
                  |                  |
                  |                  |
                  |       2026       |
                 *|     *  *  *      | *
        _________)/\\_//(\/(/\)/\//\/|_)_______

Sayonara 40 the Samurai...

You died in The Dungeons of Doom on dungeon level 7 with 762 points,
and 122 pieces of gold, after 1252 moves.
You were level 3 with a maximum of 36 hit points when you died.

